AoeStats
← ccereal

Arabia

509321401Analyzed
2v2 RM · 7d ago on Sep 26, 2026· 46m 29s· 4 players
Game mode
Random Map
Map size
Medium (4 player)
Population
200
Speed
Normal
Resources
Standard
Victory
Conquest
Starting age
Dark Age
Ending age
Imperial Age
RankedLock teamsTeams togetherTeam positionsShared explorationLock speedFull tech treeHidden civsTurbo modeCheats
Victory
Defeat
🇫🇷 Saracens · France
1607
+12
🇫🇷 Magyars · France
1441
+19
🇹🇷 Varangians · Türkiye
1539
-17
🇧🇪 Britons · Belgium
1481
-14
KAREL
10:00 Feudal Age
10:11 Loom
10:11 Man-at-Arms
10:46 Double-Bit Axe
15:19 Wheelbarrow
15:32 Fletching
17:08 Padded Archer Armor
23:52 Castle Age
25:17 Bodkin Arrow
25:42 Bow Saw
26:25 Gold Mining
26:14 Crossbowman
26:40 Horse Collar
29:36 Ballistics
30:07 Leather Archer Armor
32:03 Town Watch
40:49 Imperial Age
41:41 Bracer
44:43 Arbalester
46:57 Chemistry
funk
6:23 Loom
8:42 Feudal Age
10:01 Double-Bit Axe
11:15 Bloodlines
15:24 Horse Collar
20:13 Wheelbarrow
22:49 Castle Age
21:43 Scale Barding Armor
22:26 Forging
24:04 Chain Barding Armor
28:12 Husbandry
31:01 Iron Casting
39:03 Vendel Legacy
44:08 Hand Cart
48:25 Imperial Age
45:41 Town Watch
Tonymontana
6:27 Loom
9:07 Feudal Age
10:15 Double-Bit Axe
17:38 Bloodlines
17:34 Horse Collar
23:19 Castle Age
21:56 Scale Barding Armor
23:25 Light Cavalry
24:06 Husbandry
27:09 Bow Saw
30:16 Wheelbarrow
30:16 Chain Barding Armor
33:33 Heavy Plow
33:22 Town Watch
35:25 Fletching
38:05 Gold Mining
40:25 Hand Cart
43:57 Imperial Age
42:34 Gold Shaft Mining
44:01 Bodkin Arrow
44:24 Town Patrol
44:12 Cavalier
45:29 Plate Barding Armor
45:16 Stone Mining
46:54 Two-Man Saw
46:26 Crop Rotation
ccereal
5:23 Loom
7:59 Feudal Age
12:42 Fletching
15:55 Town Watch
20:42 Double-Bit Axe
21:25 Padded Archer Armor
27:02 Castle Age
26:00 Horse Collar
27:04 Crossbowman
27:51 Bodkin Arrow
29:30 Bow Saw
37:11 Wheelbarrow
37:04 Ballistics
43:53 Imperial Age
43:23 Leather Archer Armor
44:27 Arbalester
46:09 Bracer
47:45 Chemistry
Connection lost

Rejoining the realm…

Still unreachable

The connection could not be restored.

Session expired

The server has moved on; the page needs a fresh start.